 Dungeon Crawl Stone Soup version 0.19.4-12-gccf7e64 (webtiles) character file.

70 Malomalsky the Chopper (level 4, -17/34 HPs)
             Began as a Human Gladiator on Feb 26, 2017.
             Demolished by an ogre
             ... wielding a +0 giant spiked club
              (26 damage)
             ... on level 4 of the Dungeon.
             The game lasted 00:09:11 (2049 turns).

Malomalsky the Chopper (Human Gladiator)            Turns: 2049, Time: 00:09:11

Health: -17/34     AC:  6    Str: 16    XL:     4   Next: 44%
Magic:  4/4        EV: 12    Int: 14    God:
Gold:   118        SH:  0    Dex: 13    Spells: 0 memorised, 3 levels left

rFire  . . .     SeeInvis .     a - +0 war axe
rCold  . . .     Gourm    .     r - +0 ring mail
rNeg   . . .     Faith    .     (no shield)
rPois  .         Spirit   .     c - +0 helmet
rElec  .         Reflect  .     (no cloak)
rCorr  .         Harm     .     (no gloves)
MR     .....                    (no boots)
Stlth  +.........               (no amulet)
                                (no ring)
                                (no ring)

@: brilliant
A: no striking features
a: no special abilities


You were on level 4 of the Dungeon.
You were not hungry.

You visited 1 branch of the dungeon, and saw 4 of its levels.

You collected 118 gold pieces.

Inventory:

Hand Weapons
 a - a +0 war axe (weapon)
 h - a +0 club
Missiles
 d - 3 throwing nets (quivered)
 g - 12 poisoned needles
 q - 12 arrows
Armour
 b - a +0 leather armour
 c - a +0 helmet (worn)
 e - a +0 scale mail
 n - a +0 chain mail
 r - a +0 ring mail (worn)
Wands
 u - a wand of disintegration (8/24)
Scrolls
 m - a scroll of fear
 t - a scroll of amnesia
 v - a scroll of remove curse
Potions
 k - a potion of mutation {unknown}
 l - a potion of might {unknown}
 o - 2 potions of resistance {unknown}
Comestibles
 f - 3 bread rations
 p - a slice of pizza
 s - a meat ration


   Skills:
 + Level 2.4 Fighting
 + Level 3.9 Axes
 + Level 2.2 Throwing
 + Level 1.4 Armour
 + Level 3.3 Dodging


You had 3 spell levels left.
You didn't know any spells.

Dungeon Overview and Level Annotations

Branches:
Dungeon (4/15)
 Temple: D:4-7

Altars:


Message History

You feel sick.
The worker ant bites you but does no damage.
The ogre hits you with a giant spiked club!
* * * LOW HITPOINT WARNING * * *
The leopard gecko skeleton closely misses you.
You feel better.
The worker ant bites you but does no damage.
The leopard gecko skeleton closely misses you.
It was a potion of brilliance.
You feel clever all of a sudden. The worker ant barely misses you.
The ogre closely misses you.
The leopard gecko skeleton closely misses you.
The worker ant bites you.
* * * LOW HITPOINT WARNING * * *
You slash the leopard gecko skeleton!
You destroy the leopard gecko skeleton!
You hit the ogre. You barely miss the worker ant.
The ogre hits you with a giant spiked club!!
Ouch! That really hurt!
You die...

####...## .......
...... ..... #...#
#..5# #.aO# .#
#[###..@# .#.#
......#.####
##...#
#.##.......#
#.....
#.#####.#####.##..
# #.#...#.##.#
#.....#.##.#
#.#.....##.#
#.##..#.##.#
..##.###...###.


You could see an ogre, a worker ant and a shadow imp.

Vanquished Creatures
  An adder (D:3)
  A shadow imp (D:3)
  3 dart slugs (D:1)
  A leopard gecko (D:1)
  4 giant cockroaches
  8 goblins
  8 hobgoblins
  4 bats (D:1)
  4 frilled lizards
  5 kobolds
  A leopard gecko skeleton (D:4)
  4 rats
44 creatures vanquished.

Notes
Turn   | Place    | Note
-------+----------+-------------------------------------------
     0 | D:1      | Malomalsky the Human Gladiator began the quest for the Orb.
     0 | D:1      | Reached XP level 1. HP: 16/16 MP: 1/1
   106 | D:1      | Reached XP level 2. HP: 15/22 MP: 2/2
   330 | D:1      | Reached XP level 3. HP: 27/27 MP: 3/3
   574 | D:1      | Reached skill level 1 in Armour
   939 | D:3      | Reached XP level 4. HP: 23/34 MP: 4/4
  2036 | D:4      | Noticed an ogre
  2046 | D:4      | HP: 1/34 [ogre/giant spiked club (7)]
  2049 | D:4      | Demolished by an ogre

Skill      XL: |  1  2  3 |
---------------+----------+-----
Armour         | 1 |  1.4
Fighting       | |  2.4
Axes           | |  3.9
Throwing       | |  2.2
Dodging        | |  3.3

Action                   |  1- 3 |  4- 6 || total
-------------------------+-------+-------++-------
Melee: War axe           |    92 |    32 ||   124
Throw: Throwing net      |     3 |       ||     3
  Use: Scroll            |     6 |     3 ||     9
       Potion            |       |     5 ||     5
  Eat: Bread ration      |       |     1 ||     1
Armor: Scale mail        |    44 |       ||    44
       Chain mail        |    15 |       ||    15
       Ring mail         |       |    12 ||    12
Dodge: Dodged            |    67 |    31 ||    98
